Map: 뉴커크 재개발 지구 - 토너먼트 (공허의 유산)

Players

Solar

  • Race: Zerg Zerg
  • Spawn Location: 7:00

herO - Winner!

  • Race: Protoss Protoss
  • Spawn Location: 5:00

Event: IEM XI Katowice - World Championship 2017

VOD

Have the link to the VOD?

Description

Time

  • Played on: March 2, 2017, 7:56 a.m.
  • Length: 7:44

All games in this series

Show
View Real Time Build Order
Export as new Build Order

Solar Zerg 

Build Orders: Hatch First 

Get SALT Encoding   

  12  0:00  Drone  
  13  0:13  Overlord  
  13  0:17  Drone  
  14  0:32  Drone x2  
  16  0:38  Drone  
  17  0:52  Hatchery  
  17  0:55  Drone  
  17  0:58  Drone  
  18  1:04  Extractor  
  17  1:16  Spawning Pool  
  16  1:18  Drone  
  16  1:22  Drone  
  18  1:28  Drone  
  19  1:40  Overlord  
  19  1:52  Drone  
  20  2:02  Queen  
  20  2:03  Zergling x2  
  20  2:04  Queen  
  20  2:06  Metabolic Boost  
  25  2:10  Drone  
  25  2:13  Drone  
  27  2:16  Drone  
  27  2:22  Drone  
  29  2:25  Drone  
  30  2:42  Hatchery  
  30  2:44  Drone  
  30  2:46  Drone  
  31  2:54  Pneumatized Carapace  
  31  2:56  Overlord  
  31  2:58  Zergling x2  
  31  3:00  Drone  
  31  3:03  Drone  
  35  3:05  Drone  
  35  3:09  Drone  
  36  3:15  Drone x4  
  36  3:18  Drone  
  41  3:22  Overlord  
  41  3:24  Drone  
  42  3:29  Queen  
  44  3:37  Spore Crawler, Drone  
  45  3:41  Drone x2  
  45  3:43  Drone x3  
  49  3:48  Baneling Nest  
  49  3:51  Evolution Chamber  
  49  3:52  Drone  
  49  3:53  Extractor, Drone  
  48  3:56  Zergling x2  
  48  3:59  Drone x2  
  51  4:04  Drone  
  51  4:06  Drone  
  51  4:09  Drone  
  54  4:10  Spore Crawler  
  54  4:13  Spore Crawler  
  54  4:14  Overlord  
  54  4:15  Drone  
  53  4:17  Zergling x2  
  53  4:18  Zergling x2  
  53  4:20  Zergling x2  
  53  4:21  Zergling x2  
  57  4:27  Zergling x2  
  57  4:31  Overlord  
  58  4:32  Queen  
  58  4:33  Baneling x3  
  58  4:34  Zergling x2  
  58  4:36  Baneling x2  
  58  4:37  Zergling x2  
  62  4:38  Zergling x2  
  62  4:39  Baneling  
  62  4:41  Baneling  
  62  4:42  Zergling x2  
  62  4:45  Overlord  
  64  4:46  Zergling x2  
  64  4:47  Zergling x2  
  64  4:52  Zergling x8  
  69  4:55  Drone  
  69  4:57  Overlord  
  70  5:01  Drone  
  70  5:03  Zergling x2  
  70  5:04  Zergling x6  
  67  5:07  Zergling x2  
  67  5:13  Zergling x2  
  66  5:15  Overlord  
  66  5:18  Zergling x2  
  66  5:21  Queen  
  64  5:22  Drone x2  
  64  5:25  Drone x2  
  64  5:28  Zerg Melee Weapons Level 1, Lair  
  70  5:32  Baneling x2  
  70  5:33  Drone x2  
  72  5:37  Drone x3  
  72  5:40  Baneling x3  
  72  5:41  Extractor, Drone x2  
  76  5:45  Baneling  
  76  5:46  Overlord  
  76  5:48  Zergling x4  
  78  5:56  Zergling x2  
  78  5:57  Zergling x10  
  84  6:02  Drone x2  
  86  6:04  Drone  
  86  6:05  Overlord, Extractor  
  86  6:07  Drone  
  86  6:08  Drone  
  87  6:14  Drone  
  87  6:16  Zergling x2  
  89  6:19  Zergling x2  
  89  6:21  Drone  
  89  6:22  Hatchery  
  89  6:23  Overlord  
  89  6:31  Zergling x2, Baneling x2  
  89  6:32  Zergling x6  
  93  6:33  Zergling x4  
  93  6:35  Baneling x2  
  93  6:36  Zergling x4  
  93  6:38  Zergling x2  
  93  6:39  Zergling x2  
  99  6:41  Zergling x4  
  99  6:44  Zergling x2, Baneling x2  
  99  6:45  Zergling x2  
  100  6:50  Overlord  
  90  6:56  Zergling x10  
  90  6:58  Zergling x2  
  90  7:00  Baneling x7  
  90  7:01  Queen  
  94  7:02  Zergling x6  
  94  7:04  Zergling x4  
  94  7:08  Zergling x6  
  91  7:12  Zergling x2  
  94  7:20  Zergling x2  
  94  7:21  Zergling x2  
  82  7:24  Baneling  
  82  7:25  Baneling x8  
  82  7:26  Zergling x2  
Show
View Real Time Build Order
Export as new Build Order

herO Protoss - Winner!

Build Orders: 1 Gate Expand, Zealot Archon, Dark Templar Rush 

Get SALT Encoding   

  12  0:00  Probe (Chrono Boost)  
  13  0:11  Probe (Chrono Boost)  
  14  0:17  Pylon  
  14  0:22  Probe (Chrono Boost)  
  15  0:36  Probe (Chrono Boost)  
  15  0:41  Gateway  
  16  0:46  Probe (Chrono Boost)  
  16  0:48  Assimilator  
  18  0:57  Probe (Chrono Boost)  
  18  1:07  Probe (Chrono Boost)  
  19  1:18  Probe (Chrono Boost)  
  20  1:26  Nexus  
  20  1:36  Cybernetics Core  
  20  1:39  Probe (Chrono Boost)  
  21  1:45  Assimilator  
  21  1:49  Probe (Chrono Boost)  
  22  1:55  Pylon  
  22  2:00  Probe (Chrono Boost)  
  23  2:12  Warp Gate  
  23  2:13  Adept, Probe (Chrono Boost)  
  26  2:24  Probe (Chrono Boost)  
  27  2:32  Twilight Council  
  27  2:34  Probe (Chrono Boost)  
  27  2:36  Twilight Council  
  28  2:38  Probe (Chrono Boost)  
  29  2:45  Probe (Chrono Boost)  
  29  2:48  Probe (Chrono Boost)  
  31  2:55  Robotics Facility  
  31  2:56  Probe (Chrono Boost)  
  32  2:59  Probe (Chrono Boost)  
  33  3:06  Probe (Chrono Boost)  
  33  3:09  Probe (Chrono Boost)  
  35  3:14  Dark Shrine  
  35  3:17  Probe (Chrono Boost)  
  36  3:20  Probe (Chrono Boost)  
  37  3:27  Probe (Chrono Boost)  
  37  3:31  Probe (Chrono Boost)  
  39  3:34  Gateway  
  39  3:35  Gateway  
  39  3:38  Gateway  
  39  3:40  Warp Prism  
  42  3:48  Probe (Chrono Boost)  
  42  3:51  Probe (Chrono Boost)  
  42  3:53  Pylon  
  43  3:57  Assimilator  
  43  3:59  Probe (Chrono Boost)  
  43  4:02  Assimilator  
  45  4:03  Probe (Chrono Boost)  
  45  4:08  Pylon  
  45  4:09  Probe (Chrono Boost)  
  46  4:15  Pylon, Probe (Chrono Boost)  
  48  4:22  Probe (Chrono Boost)  
  48  4:26  Probe (Chrono Boost)  
  49  4:32  Dark Templar  
  49  4:33  Dark Templar x3  
  49  4:37  Archon  
  49  4:38  Archon  
  57  4:40  Blink  
  57  4:45  Observer  
  57  4:52  Nexus  
  58  4:53  Pylon  
  58  5:06  Stalker x2  
  57  5:10  Probe x2 (Chrono Boost)  
  57  5:14  Stalker  
  56  5:27  Stalker  
  58  5:32  Gateway  
  58  5:33  Gateway  
  56  5:39  Gateway  
  56  5:45  Gateway  
  56  5:49  Stalker  
  58  5:59  Stalker  
  60  6:04  Stalker x2  
  64  6:29  Stalker x6  
  76  6:34  Stalker  
  78  6:40  Stalker  
  65  6:54  Zealot x4  
  65  7:00  Adept  
  65  7:01  Adept  
  73  7:02  Adept  
  73  7:08  Adept  
  73  7:15  Zealot x2  
  73  7:20  Zealot x2  
  71  7:35  Zealot x4  
  75  7:39  Zealot  

Tags
 
Add a new tag
Caveats
  • Supply blocks, unpowered buildings, or Contaminate may cause inaccurate times.
  • Supply counts are checked every 10 seconds.